 Dungeon Crawl Stone Soup version 0.19-a0-860-g5c370dd (webtiles) character file.

91704 matakusis the Eclecticist (level 15, -11/72 HPs)
             Began as a Deep Elf Summoner on July 1, 2016.
             Was the Champion of Sif Muna.
             Killed from afar by a deep elf annihilator (36 damage)
             ... with a crystal spear
             ... on level 3 of the Elven Halls on July 2, 2016.
             The game lasted 04:46:11 (29820 turns).

matakusis the Eclecticist (Deep Elf Summoner)      Turns: 29820, Time: 04:46:12

Health: -11/72     AC: 25    Str:  5    XL:     15   Next: 55%
Magic:  11/49      EV: 11    Int: 29    God:    Sif Muna [******]
Gold:   1586       SH:  8    Dex: 14    Spells: 11 memorised, 9 levels left

rFire  + . .     SeeInvis .     E - +9 demon trident
rCold  . . .     Gourm    .     D - quicksilver dragon armour
rNeg   . . .     Faith    .     M - +0 buckler
rPois  .         Spirit   .     (helmet restricted)
rElec  +         Dismiss  .     U - +2 cloak
rCorr  .         Reflect  +     y - +1 pair of gloves
SustAt .         Harm     .     w - +2 pair of boots {Fly}
MR     ++...     Clarity  +     S - +2 amulet of reflection
Stlth  +.........               K - ring of magical power
                                r - ring of wizardry

@: lethally poisoned (-11 -> -11), flying, very resistant to hostile
enchantments, very unstealthy
A: antennae 1, iridescent scales 1, rough black scales 1, blurry vision 1,
clarity, clever 1, fire resistance 1, regeneration 2, electricity resistance,
evolution 1
a: Channel Energy, Forget Spell, Renounce Religion, Stop Flying


You were on level 3 of the Elven Halls.
You worshipped Sif Muna.
Sif Muna was exalted by your worship.
You were hungry.

You visited 6 branches of the dungeon, and saw 28 of its levels.
You also visited: Ice Cave and Volcano.

You collected 3415 gold pieces.
You spent 1829 gold pieces at shops.

Inventory:

Hand Weapons
 E - a +9 demon trident (weapon)
Missiles
 O - a throwing net (quivered)
Armour
 w - a +2 pair of boots of flying (worn)
 y - a +1 pair of gloves (worn)
 D - a quicksilver dragon armour (worn)
 M - a +0 buckler (worn)
 U - a +2 cloak (worn)
Jewellery
 r - a ring of wizardry (left hand)
 A - an uncursed ring of wizardry
 K - a ring of magical power (right hand)
 S - a +2 amulet of reflection (around neck)
Wands
 g - a wand of lightning (8/15)
 q - a wand of enslavement (24/24)
 I - a wand of acid (7/15)
 R - a wand of heal wounds (7/9)
Scrolls
 a - 3 scrolls of magic mapping
 c - 3 scrolls of blinking
 i - 3 scrolls of enchant weapon
 l - 4 scrolls of recharging
 n - 12 scrolls of remove curse
 t - 4 scrolls of amnesia
 v - 3 scrolls of enchant armour
 B - a scroll of identify
 X - a scroll of fog
Potions
 f - 17 potions of curing
 p - 3 potions of cure mutation
 s - a potion of cancellation
 x - a potion of brilliance
 G - a potion of magic
 J - a potion of resistance
 L - 2 potions of lignification
 T - a potion of ambrosia
 Y - a potion of haste
Books
 e - a Fen Folio

   Spells                             Type                      Level
   a - Corpse Rot                     Necromancy                   2
   b - Stone Arrow                    Conjuration/Earth            3
   c - Leda's Liquefaction            Hexes/Earth                  4
   d - Summon Forest                  Summoning/Translocation      5
   e - Hydra Form                     Transmutation                6
   f - Summon Hydra                   Summoning                    7
 C - a book of Debilitation

   Spells                             Type                      Level
   a - Corona                         Hexes                        1
   b - Slow                           Hexes                        2
   c - Gell's Gravitas                Hexes/Translocation          3
   d - Inner Flame                    Hexes/Fire                   3
   e - Cause Fear                     Hexes                        4
   f - Leda's Liquefaction            Hexes/Earth                  4
 F - a book of Burglary

   Spells                             Type                      Level
   a - Swiftness                      Charms/Air                   2
   b - Passwall                       Transmutation/Earth          2
   c - Passage of Golubria            Translocation                4
   d - Lee's Rapid Deconstruction     Earth                        5
   e - Darkness                       Hexes                        6
   f - Invisibility                   Hexes                        6
 N - Tagabb's Handbook of Sinister Hexes
   (Sif Muna gifted it to you on level 1 of the Lair of Beasts)

   Spells                             Type                      Level
   a - Pain                           Necromancy                   1
   b - Tukima's Dance                 Hexes                        3
   c - Summon Mana Viper              Hexes/Summoning              5
   d - Dispel Undead                  Necromancy                   5
   e - Haunt                          Necromancy/Summoning         7
   f - Infestation                    Necromancy                   8
 P - Ratiwoej's Grimoire of Companions
   (Sif Muna gifted it to you on level 2 of the Lair of Beasts)

   Spells                             Type                      Level
   a - Summon Butterflies             Summoning                    1
   b - Aura of Abjuration             Summoning                    5
   c - Summon Demon                   Summoning                    5
   d - Summon Greater Demon           Summoning                    7
   e - Summon Horrible Things         Summoning                    8
 Z - a book of the Dragon

   Spells                             Type                      Level
   a - Flame Tongue                   Conjuration/Fire             1
   b - Cause Fear                     Hexes                        4
   c - Bolt of Fire                   Conjuration/Fire             6
   d - Dragon Form                    Transmutation                7
   e - Dragon's Call                  Summoning                    9
Miscellaneous
 o - a sack of spiders
 Q - a phial of floods
Comestibles
 d - 8 fruits
 j - 17 meat rations
 k - 5 beef jerkies
 z - 9 bread rations


   Skills:
 + Level 7.0 Dodging
 - Level 2.4 Stealth
 * Level 8.4 Shields
 + Level 19.0 Spellcasting
 - Level 10.7 Hexes
 * Level 19.0 Summonings
 * Level 5.8 Necromancy
 - Level 1.3 Translocations


You had 9 spell levels left.
You knew the following spells:

 Your Spells              Type           Power        Failure   Level  Hunger
a - Summon Forest         Summ/Tloc      ######....   1%          5    None
b - Call Imp              Summ           #######.     0%          2    None
c - Summon Lightning Spi  Summ/Air       ######..     1%          4    None
d - Summon Ice Beast      Ice/Summ       ######..     1%          4    None
e - Recall                Summ/Tloc      N/A          1%          3    None
f - Tukima's Dance        Hex            ######..     1%          3    None
g - Summon Demon          Summ           #######...   1%          5    None
h - Invisibility          Hex            ######..     7%          6    None
i - Summon Hydra          Summ           #######...   1%          7    ####...
j - Confuse               Hex            ######..     1%          3    None
k - Pain                  Necr           ####         1%          1    None


Dungeon Overview and Level Annotations

Branches:
Dungeon (15/15)            Temple (1/1) D:5            Lair (6/6) D:9
  Swamp (1/4) Lair:3       Spider (0/4) Lair:3        Slime (0/5) Lair:5
    Orc (2/2) D:11            Elf (3/3) Orc:2        Vaults (0/5) D:14
 Depths (0/5) D:15

Altars:
Ashenzari
Cheibriados
Dithmenos
Elyvilon
Fedhas
Gozag
Hepliaklqana
Kikubaaqudgha
Makhleb
Nemelex Xobeh
Okawaru
Pakellas
Qazlal
Ru
Sif Muna
Trog
Uskayaw
Vehumet
Xom
Yredelemnul
Zin
The Shining One

Shops:
D:8 =   D:14 :   D:15 !!*:   Orc:2 [}:[   Elf:1 (

Portals:
Trove: D:10 (give +2 storm dragon armour)


Innate Abilities, Weirdness & Mutations

You have a pair of small antennae on your head.
You are partially covered in iridescent scales. (AC +4)
You are partially covered in rough black scales. (AC +4, Dex -1)
Scrolls take you a little longer to read.
You possess an exceptional clarity of mind.
Your mind is acute. (Int +2)
Your flesh is heat resistant. (rF+)
You heal very quickly.
You are resistant to electric shocks. (rElec)
You evolve.


Message History

The deep elf blademaster hits you with a rapier.
The deep elf blademaster hits you with a rapier!
You feel sick.
The deep elf elementalist hits your eight-headed hydra with a dagger.
Your surroundings suddenly seem different.
The deep elf sorcerer hits your eight-headed hydra with a dagger of draining.
Your eight-headed hydra bites the deep elf sorcerer.
Your eight-headed hydra misses the deep elf sorcerer.
Your eight-headed hydra bites the deep elf sorcerer!
Your eight-headed hydra bites the deep elf sorcerer.
Your eight-headed hydra closely misses the deep elf sorcerer. x2
Your eight-headed hydra bites the deep elf sorcerer.
Your eight-headed hydra misses the deep elf sorcerer.
The deep elf elementalist hits you but does no damage.
The deep elf annihilator barely misses you.
The neqoxec gestures.
The deep elf annihilator casts a spell at you.
The crystal spear hits you!
Ouch! That really hurt!
You die...

#..ee.|.....#
#....e......#
#....D......#
#...........#
#....e......#
#...........# .
###...e...###..
.. ##..e..##..e.
....###@###)....
......eex.......
.....3e4e.......
....5...........
#..5...5......##
#.#.........###
#..#.......##
..####...### ..
#...#


You could see 3 deep elf annihilators, a deep elf sorcerer, 2 deep elf
elementalists, 2 deep elf demonologists, a rust devil, a neqoxec, an iron imp, a
crimson imp, a shadow imp, a crawling corpse and a friendly eight-headed hydra.

Vanquished Creatures
  The ghost of InfiniteMonkeys the Fighter, a journeyman NaTm of Sif Muna (IceCv)
  3 dancing weapons (Elf:2)
  A spiny frog (Lair:5)
  A two-headed ogre (Volcano)
  A human (D:14)
  2 hippogriffs
  3 water moccasins
  A sky beast (D:9)
  A giant frog (D:15)
  A hound (D:5)
  A centaur skeleton (D:9)
  2 giant frog skeletons
  An iguana (D:4)
  An orc wizard (D:5)
  A worker ant (D:4)
  2 sheep
  2 adders
  2 river rats (Lair:6)
  A shadow imp (D:6)
  An adder zombie (D:5)
  A dart slug (D:4)
  A giant gecko (D:5)
  4 orcs
  2 ball pythons
  A giant cockroach (D:3)
  4 hobgoblins (D:2)
  3 jackals
  3 kobolds
  5 quokkas
  10 bats
  3 giant newts
  2 goblins (D:2)
  5 rats
73 creatures vanquished.

Vanquished Creatures (collateral kills)
  Rupert (Lair:3)
  Frances (D:12)
  Gastronok (D:8)
  A thorn hunter (Swamp:1)
  3 deep elf sorcerers
  Maud (Lair:3)
  3 deep elf elementalists (Elf:3)
  A stone giant (Orc:1)
  The ghost of 4thArraOfDagon the Stickfighter, a journeyman MiAK of Lugonu (D:13)
  Azrael (Orc:2)
  A deep elf demonologist (Elf:3)
  A deep elf annihilator (Elf:3)
  3 deep elf death magi
  A deep elf high priest (Elf:3)
  A vault guard (D:14)
  6 hydras
  Harold (Lair:4)
  3 catoblepae (Lair:6)
  6 centaur warriors
  An alligator (Swamp:1)
  6 ogre magi
  20 dancing weapons
  14 death yaks
  Nergalle (Lair:4)
  Sonja (Orc:2)
  15 deep elf knights
  2 unseen horrors
  3 wizards
  A lindwurm (Lair:4)
  15 deep elf archers
  11 hill giants
  4 necromancers
  A wolf spider zombie (D:15)
  6 large abominations
  6 ugly things
  4 griffons
  An orc sorcerer (Elf:3)
  48 deep elf magi
  A manticore (D:15)
  15 elephants
  6 black mambas
  4 cyclopes
  A naga mage (D:15)
  4 ice statues
  9 spiny frogs
  Psyche (D:8)
  2 gargoyles
  A rime drake (Lair:6)
  8 ice devils
  9 komodo dragons
  4 trolls
  3 polar bears
  5 slime creatures (D:15)
  A merfolk (D:13)
  17 two-headed ogres
  7 blink frogs
  A meliai zombie (D:13)
  An air elemental (Elf:2)
  31 yaks
  3 water elementals
  3 spriggans (Swamp:1)
  A wraith (D:13)
  3 fire bats (Lair:1)
  2 wyverns (D:14)
  13 hippogriffs
  21 humans (D:14)
  7 fire elementals
  16 vampire mosquitoes
  3 hungry ghosts
  A harpy simulacrum (D:15)
  4 wargs (Orc:2)
  A mottled dragon (D:13)
  21 water moccasins
  A swamp drake (Swamp:1)
  4 hell hounds (Orc:2)
  6 porcupines
  12 orc warriors
  4 wasps
  A black bear (Lair:2)
  4 phantoms
  4 sky beasts
  45 ogres
  19 ice beasts
  12 centaurs
  3 eyes of draining
  9 wolves
  7 crocodiles
  3 elf zombies (Elf:1)
  14 giant frogs
  2 earth elementals (Elf:2)
  2 wyvern skeletons
  9 small abominations
  2 scorpions
  3 troll zombies (D:11)
  3 killer bees (D:8)
  3 wights (D:7)
  3 howler monkeys
  2 electric eels
  8 crimson imps
  3 centaur zombies
  The ghost of Amnesiac the Magician, a weakling TeWz of Kikubaaqudgha (D:3)
  3 hounds
  A draconian simulacrum (IceCv)
  12 orc wizards
  8 centaur skeletons
  2 giant frog zombies
  2 giant frog skeletons
  A jelly (D:11)
  9 orc priests
  10 iguanas
  14 worker ants
  2 troll simulacra (IceCv)
  A spriggan simulacrum (IceCv)
  19 sheep
  5 ogre zombies
  4 centaur simulacra
  A hound skeleton (D:6)
  A worker ant zombie (D:8)
  A naga simulacrum (IceCv)
  16 adders
  A howler monkey skeleton (D:7)
  2 ogre simulacra (IceCv)
  22 river rats
  2 shadow imps
  2 white imps (Lair:5)
  An ooze (D:2)
  2 adder skeletons
  3 worms
  9 dart slugs
  3 giant geckos
  56 orcs
  3 bats
  2 giant cockroaches
  2 goblins
  5 hobgoblins
  10 jackals
  2 quokkas
  A giant gecko zombie (D:5)
  2 giant newts
  A goblin skeleton (D:11)
  4 goblin zombies (D:11)
  3 hobgoblin skeletons (D:11)
  3 hobgoblin zombies (D:11)
  9 kobolds
  2 orc skeletons (D:11)
  12 orc zombies (D:11)
  3 rats
  A bush (Lair:6)
  14 fungi
  17 plants
  A snaplasher vine segment (D:14)
928 creatures vanquished.

Vanquished Creatures (others)
  A deep elf annihilator (Elf:3)
  An ogre mage (Orc:2)
  A deep elf knight (Elf:2)
  A deep elf mage (Elf:1)
  Maurice (D:13)
  A crocodile (Lair:6)
  A centaur (D:15)
  12 fungi (Elf:2)
  3 plants
  18 snaplasher vines
  2496 snaplasher vine segments
2536 creatures vanquished.

Grand Total: 3537 creatures vanquished

Notes
Turn   | Place    | Note
-------+----------+-------------------------------------------
     0 | D:1      | matakusis the Deep Elf Summoner began the quest for the Orb.
     0 | D:1      | Reached XP level 1. HP: 10/10 MP: 6/6
   334 | D:1      | Reached XP level 2. HP: 15/15 MP: 4/8
   338 | D:1      | Learned a level 2 spell: Call Imp
   414 | D:1      | Reached skill level 5 in Summonings
   767 | D:2      | Reached XP level 3. HP: 19/19 MP: 3/9
  1185 | D:2      | Found a stormy altar of Qazlal.
  1322 | D:2      | Reached XP level 4. HP: 24/24 MP: 4/12
  1341 | D:2      | Learned a level 4 spell: Summon Lightning Spire
  1358 | D:2      | Learned a level 4 spell: Summon Ice Beast
  1481 | D:3      | Noticed Amnesiac's ghost (weakling TeWz)
  1496 | D:3      | Killed Amnesiac's ghost
  1906 | D:3      | Found a sparkling altar of Nemelex Xobeh.
  1949 | D:3      | Found an iron altar of Okawaru.
  2013 | D:3      | Found a bloodstained altar of Trog.
  2225 | D:3      | Found a deep blue altar of Sif Muna.
  2228 | D:3      | Became a worshipper of Sif Muna the Loreminder
  2511 | D:4      | Reached XP level 5. HP: 13/28 MP: 6/13
  3034 | D:4      | Found an opulent altar of Gozag.
  3419 | D:4      | Noticed an ogre
  3428 | D:4      | Killed an ogre
  3428 | D:4      | Reached XP level 6. HP: 32/32 MP: 10/14
  3651 | D:5      | Entered Level 5 of the Dungeon
  3657 | D:5      | Noticed a ynoxinul
  3772 | D:5      | Noticed a water moccasin
  3781 | D:5      | Killed a water moccasin
  3781 | D:5      | Reached * piety under Sif Muna
  3835 | D:5      | You fall through a shaft for 2 floors!
  4108 | D:5      | Reached XP level 7. HP: 36/36 MP: 3/15
  4804 | D:5      | Found a snail-covered altar of Cheibriados.
  4898 | D:5      | Reached skill level 10 in Summonings
  4949 | D:5      | Found a staircase to the Ecumenical Temple.
  4958 | Temple   | Entered the Ecumenical Temple
  5224 | D:5      | Found a glowing silver altar of Zin.
  5225 | D:5      | Found an opulent altar of Gozag.
  5491 | D:6      | Reached ** piety under Sif Muna
  5567 | D:6      | Found a blossoming altar of Fedhas.
  5861 | D:6      | You fall through a shaft!
  6176 | D:7      | Reached skill level 5 in Spellcasting
  6184 | D:7      | Gained mutation: You are resistant to electric shocks. (rElec) [mutagenic meat]
  6187 | D:7      | Gained mutation: You are frail. (-10% HP) [mutagenic meat]
  6190 | D:7      | Gained mutation: You possess an exceptional clarity of mind. [mutagenic meat]
  6193 | D:7      | Gained mutation: You are partially covered in slimy green scales. (AC +2) [mutagenic meat]
  6196 | D:7      | Gained mutation: You evolve. [mutagenic meat]
  6199 | D:7      | Gained mutation: Scrolls take you a little longer to read. [mutagenic meat]
  6216 | D:7      | Reached XP level 8. HP: 36/36 MP: 10/17
  6223 | D:7      | Learned a level 5 spell: Summon Forest
  6777 | D:8      | Noticed Psyche
  6783 | D:8      | Killed Psyche
  6795 | D:8      | Noticed Gastronok
  6838 | D:8      | Killed Gastronok
  6838 | D:8      | Reached *** piety under Sif Muna
  6838 | D:8      | Reached skill level 1 in Translocations
  6838 | D:8      | Reached XP level 9. HP: 40/40 MP: 1/24
  7083 | D:8      | Found Xadics's Jewellery Emporium.
  7137 | D:8      | Found a basalt altar of Yredelemnul.
  7232 | D:8      | Reached **** piety under Sif Muna
  7360 | D:8      | Found a hide-covered altar of Uskayaw.
  7540 | D:9      | Found a radiant altar of Vehumet.
  7556 | D:9      | Gained mutation: Your spells are a little easier to cast, but a little less powerful. [mutagenic meat]
  7559 | D:9      | Gained mutation: You have a pair of small antennae on your head. [mutagenic meat]
  7562 | D:9      | Gained mutation: Your mind is acute. (Int +2) [mutagenic meat]
  7568 | D:9      | Lost mutation: Your mind is acute. (Int +2) [mutagenic meat]
  7671 | D:9      | Noticed a troll
  7679 | D:9      | Killed a troll
  7679 | D:9      | Reached skill level 10 in Spellcasting
  7704 | D:9      | Gained mutation: Potions and wands are less effective at restoring your health. [mutagenic meat]
  7710 | D:9      | Lost mutation: Scrolls take you a little longer to read. [mutagenic meat]
  7710 | D:9      | Lost mutation: Your spells are a little easier to cast, but a little less powerful. [potion of cure mutation]
  7710 | D:9      | Lost mutation: You are frail. (-10% HP) [potion of cure mutation]
  7710 | D:9      | Lost mutation: You are partially covered in slimy green scales. (AC +2) [potion of cure mutation]
  7801 | D:9      | Learned a level 3 spell: Recall
  7841 | D:9      | Found a staircase to the Lair.
  7842 | D:9      | Noticed a komodo dragon
  7922 | D:9      | Got a translucent glass ring
  7923 | D:9      | Identified the ring of Twilight {+Fly rElec Str+3} (You found it on level 9 of the Dungeon)
  7937 | D:9      | Found a burning altar of Makhleb.
  7957 | D:9      | Found a white marble altar of Elyvilon.
  8421 | D:9      | Identified a scroll of acquirement
  8452 | D:10     | Entered Level 10 of the Dungeon
  8582 | D:10     | Reached ***** piety under Sif Muna
  8761 | D:10     | Noticed a hill giant
  8769 | D:10     | Killed a hill giant
  8947 | D:10     | Found a portal to a secret trove of treasure.
  9050 | D:10     | Killed an unseen horror
  9285 | Lair:1   | Entered Level 1 of the Lair of Beasts
  9325 | Lair:1   | Reached XP level 10. HP: 50/50 MP: 8/27
  9330 | Lair:1   | Found a dark tunnel.
  9388 | Volcano  | Entered a volcano
  9425 | Volcano  | Noticed an ogre mage
  9435 | Volcano  | Noticed a hill giant
  9435 | Volcano  | Killed an ogre mage
  9437 | Volcano  | Noticed a hill giant
  9451 | Volcano  | Killed a hill giant
  9465 | Volcano  | Killed a hill giant
  9914 | Lair:1   | Reached skill level 1 in Shields
 10168 | Lair:1   | Reached ****** piety under Sif Muna
 10306 | Lair:1   | Received a gift from Sif Muna
 10307 | Lair:1   | Identified Tagabb's Handbook of Sinister Hexes (Sif Muna gifted it to you on level 1 of the Lair of Beasts)
 10313 | Lair:1   | Learned a level 3 spell: Tukima's Dance
 10375 | Lair:2   | Reached skill level 1 in Hexes
 10456 | Lair:2   | Noticed a black mamba
 10463 | Lair:2   | Killed a black mamba
 10594 | Lair:2   | Found a frozen archway.
 10757 | IceCv    | Entered an ice cave
 10769 | IceCv    | Noticed InfiniteMonkeys's ghost (journeyman NaTm)
 10778 | IceCv    | Killed an ice statue
 10778 | IceCv    | Reached XP level 11. HP: 54/54 MP: 16/30
 10805 | IceCv    | Gained mutation: Your muscles are strong. (Str +2) [evolution]
 10806 | IceCv    | Killed InfiniteMonkeys's ghost
 11366 | IceCv    | Noticed a necromancer
 11384 | IceCv    | Killed a necromancer
 11436 | IceCv    | Identified the Volume of Igneous Shape Shifting (You acquired it in an ice cave)
 11482 | IceCv    | Gained mutation: You are agile. (Dex +2) [potion of mutation]
 11482 | IceCv    | Gained mutation: You are partially covered in iridescent scales. (AC +4) [potion of mutation]
 12007 | Lair:2   | Received a gift from Sif Muna
 12015 | Lair:2   | Identified Ratiwoej's Grimoire of Companions (Sif Muna gifted it to you on level 2 of the Lair of Beasts)
 12022 | Lair:2   | Learned a level 5 spell: Summon Demon
 12147 | Lair:3   | Noticed Rupert
 12161 | Lair:3   | Killed Rupert
 12161 | Lair:3   | Reached skill level 5 in Hexes
 12219 | Lair:3   | Gained mutation: Your mind is acute. (Int +2) [evolution]
 12409 | Lair:3   | Noticed Maud
 12427 | Lair:3   | Killed Maud
 12443 | Lair:3   | Found a hole to the Spider Nest.
 12505 | Lair:3   | Found a staircase to the Swamp.
 13125 | Lair:4   | Noticed Nergalle
 13285 | Lair:4   | Killed Nergalle
 13320 | Lair:4   | Gained mutation: Your natural rate of healing is unusually fast. [potion of mutation]
 13424 | Lair:4   | Reached skill level 15 in Spellcasting
 13543 | Lair:4   | Reached XP level 12. HP: 59/59 MP: 24/33
 13765 | Lair:4   | Noticed Harold
 13774 | Lair:4   | Killed Harold
 13879 | Lair:4   | Noticed a death yak
 13888 | Lair:4   | Killed a death yak
 13913 | Lair:4   | Noticed a death yak
 13913 | Lair:4   | Noticed a death yak
 13921 | Lair:4   | Killed a death yak
 13921 | Lair:4   | Received a gift from Sif Muna
 13922 | Lair:4   | Identified Sif Muna's Disquisition on Feathery Stones (Sif Muna gifted it to you on level 4 of the Lair of Beasts)
 13924 | Lair:4   | Killed a death yak
 14147 | Lair:5   | Found a staircase to the Slime Pits.
 14513 | Lair:5   | Noticed a five-headed hydra
 14521 | Lair:5   | Killed a five-headed hydra
 14679 | Lair:5   | Reached skill level 15 in Summonings
 15156 | Lair:5   | Learned a level 6 spell: Invisibility
 15174 | Lair:6   | Entered Level 6 of the Lair of Beasts
 15185 | Lair:6   | Reached skill level 5 in Shields
 15503 | Lair:6   | Noticed an eight-headed hydra
 15511 | Lair:6   | Killed an eight-headed hydra
 15732 | Lair:6   | Noticed a catoblepas
 15749 | Lair:6   | Killed a catoblepas
 15767 | Lair:6   | Noticed a death yak
 15771 | Lair:6   | Noticed a death yak
 15771 | Lair:6   | Noticed a death yak
 15772 | Lair:6   | Noticed a death yak
 15780 | Lair:6   | Noticed a death yak
 15786 | Lair:6   | Killed a death yak
 15792 | Lair:6   | Noticed a death yak
 15796 | Lair:6   | Killed a death yak
 15806 | Lair:6   | Noticed a death yak
 16077 | Lair:6   | Killed a death yak
 16079 | Lair:6   | Killed a death yak
 16081 | Lair:6   | Killed a death yak
 16081 | Lair:6   | Killed a death yak
 16081 | Lair:6   | Reached XP level 13. HP: 63/63 MP: 19/34
 16243 | Lair:6   | Received a gift from Sif Muna
 16454 | Lair:6   | Identified Waala's Volume of Boosts and Attacks
 17155 | D:11     | Lost mutation: Potions and wands are less effective at restoring your health. [evolution]
 17235 | D:11     | Found a staircase to the Orcish Mines.
 17526 | D:11     | Gained mutation: You are resistant to hostile enchantments. (MR+) [mutagenic meat]
 17921 | Orc:1    | Entered Level 1 of the Orcish Mines
 18045 | Orc:2    | Entered Level 2 of the Orcish Mines
 18113 | Orc:2    | Identified the Disquisition on Feathery Toxins
 18152 | Orc:2    | Noticed Azrael
 18161 | Orc:2    | Killed Azrael
 18308 | Orc:2    | Reached skill level 10 in Hexes
 18511 | Orc:2    | Found Sitoutta's Book Boutique.
 18511 | Orc:2    | Found Meimov's Armour Shoppe.
 18512 | Orc:2    | Found Geegg's Armour Emporium.
 18512 | Orc:2    | Found Jaheomak's Gadget Boutique.
 18541 | Orc:2    | Bought a Fen Folio for 825 gold pieces
 18549 | Orc:2    | Learned a level 7 spell: Summon Hydra
 18588 | Orc:2    | Noticed Sonja
 18601 | Orc:2    | Killed Sonja
 18806 | Orc:2    | Found a staircase to the Elven Halls.
 19340 | Orc:1    | Noticed a stone giant
 19348 | Orc:1    | Killed a stone giant
 19577 | Orc:1    | Learned a level 3 spell: Confuse
 19894 | Swamp:1  | Entered Level 1 of the Swamp
 19894 | Swamp:1  | Noticed a thorn hunter
 19906 | Swamp:1  | Killed a thorn hunter
 20012 | Swamp:1  | Received a gift from Sif Muna
 20015 | Swamp:1  | Identified Asmodeus's Tome of Creative Combat Magic (Sif Muna gifted it to you on level 1 of the Swamp)
 20258 | D:12     | Gained mutation: You heal very quickly. [mutagenic meat]
 20264 | D:12     | Lost mutation: You are agile. (Dex +2) [mutagenic meat]
 20270 | D:12     | Lost mutation: You are resistant to hostile enchantments. (MR+) [mutagenic meat]
 20340 | D:12     | Upgraded the game from 0.19-a0-854-gc78d25d to 0.19-a0-860-g5c370dd
 20715 | D:12     | Noticed Frances
 20734 | D:12     | Killed Frances
 21114 | D:12     | Learned a level 1 spell: Pain
 21278 | D:13     | Noticed 4thArraOfDagon's ghost (journeyman MiAK)
 21289 | D:13     | Killed 4thArraOfDagon's ghost
 21469 | D:13     | Reached XP level 14. HP: 68/68 MP: 10/37
 21496 | D:13     | Reached skill level 1 in Necromancy
 21748 | D:13     | Found a snail-covered altar of Cheibriados.
 21913 | D:13     | Noticed Maurice
 21917 | D:13     | Killed Maurice
 22129 | D:13     | Found a blossoming altar of Fedhas.
 22394 | D:13     | Gained mutation: Scrolls take you a little longer to read. [mutagenic meat]
 22863 | D:14     | Found Exzefef's Book Shop.
 22932 | D:14     | Reached skill level 5 in Dodging
 22963 | D:14     | Found a shadowy altar of Dithmenos.
 23292 | D:14     | Found a gate to the Vaults.
 24344 | D:15     | Entered Level 15 of the Dungeon
 24479 | D:15     | Found Imiyrip's Assorted Antiques.
 24515 | D:15     | Found a glowing golden altar of the Shining One.
 24555 | D:15     | Found Acsoeva's Book Boutique.
 24691 | D:15     | Gained mutation: You have a somewhat thin skeletal structure. (Dex +2, Stealth) [evolution]
 24707 | D:15     | Found Hygethri's Distillery.
 24721 | D:15     | Bought a potion of heal wounds for 95 gold pieces
 24721 | D:15     | Bought a potion of curing for 57 gold pieces
 24721 | D:15     | Bought a potion of heal wounds for 95 gold pieces
 24721 | D:15     | Bought a potion of heal wounds for 95 gold pieces
 24781 | D:15     | Found Norchas's Distillery.
 24787 | D:15     | Bought a potion of curing for 39 gold pieces
 24787 | D:15     | Bought 2 potions of mutation for 65 gold pieces
 24787 | D:15     | Bought a potion of curing for 39 gold pieces
 24787 | D:15     | Bought a potion of beneficial mutation for 455 gold pieces
 24787 | D:15     | Bought a potion of mutation for 32 gold pieces
 24787 | D:15     | Bought a potion of mutation for 32 gold pieces
 24791 | D:15     | Gained mutation: You are robust. (+10% HP) [potion of mutation]
 24792 | D:15     | Lost mutation: Your muscles are strong. (Str +2) [potion of mutation]
 24792 | D:15     | Lost mutation: You have a somewhat thin skeletal structure. (Dex +2, Stealth) [potion of mutation]
 24793 | D:15     | Gained mutation: Your flesh is heat resistant. (rF+) [potion of mutation]
 24793 | D:15     | Lost mutation: Scrolls take you a little longer to read. [potion of mutation]
 24794 | D:15     | Lost mutation: You are robust. (+10% HP) [potion of mutation]
 24800 | D:15     | Gained mutation: You are partially covered in rough black scales. (AC +4, Dex -1) [potion of beneficial mutation]
 24938 | D:15     | Found a staircase to the Depths.
 25318 | Elf:1    | Entered Level 1 of the Elven Halls
 25439 | Elf:1    | Identified the Reference Book on Unholy Rites
 25473 | Elf:1    | Gained mutation: Scrolls take you a little longer to read. [potion of mutation]
 25853 | Elf:1    | Received a gift from Sif Muna
 25885 | Elf:1    | HP: 2/68 [ghostly deep elf death mage/bolt of negative energy (32)]
 26284 | Elf:1    | Found Nonin's Weapon Shoppe.
 26619 | Elf:2    | Noticed a deep elf sorcerer
 26627 | Elf:2    | Killed a deep elf sorcerer
 27086 | Elf:2    | Found a huge runed gate.
 27086 | Elf:2    | Found a huge runed gate.
 27087 | Elf:2    | Found a huge runed gate.
 27256 | Elf:2    | Reached XP level 15. HP: 68/72 MP: 38/39
 28165 | Elf:2    | Reached skill level 5 in Necromancy
 29079 | Elf:3    | Entered Level 3 of the Elven Halls
 29148 | Elf:3    | Received a gift from Sif Muna
 29151 | Elf:3    | Identified Iskenderun's Reference Book on Congealing Attacks (Sif Muna gifted it to you on level 3 of the Elven Halls)
 29347 | Elf:3    | Noticed a deep elf sorcerer
 29354 | Elf:3    | Killed a deep elf sorcerer
 29800 | Elf:3    | Noticed a deep elf blademaster
 29800 | Elf:3    | Noticed a deep elf sorcerer
 29802 | Elf:3    | Noticed a deep elf sorcerer
 29805 | Elf:3    | Killed a deep elf sorcerer
 29810 | Elf:3    | Noticed a deep elf blademaster
 29820 | Elf:3    | Killed from afar by a deep elf annihilator

Vault maps used:
D:1:      nicolae_arrival_washed_ashore, roderic_bipointed_swastika,
          lemuel_old_faithful
D:2:      nicolae_qazlal_eye_of_the_storm, minmay_unequal
D:3:      okawaru_metal_pillars_1_2, nemelex_xobeh_ov_fountains_minmay,
          lemuel_blue_sif_altar, lightli_temple_of_fire, first_bread
D:4:      kennysheep_slugbush, serial_bayou_lagoon_a,
          minmay_misc_feat_nine_boxes, nicolae_gozag_seed_capital
D:5:      grunt_temple_overflow_gold_and_silver, grunt_ministairs_12,
          minmay_misc_feat_rugged, cheibriados_altar_1
D:6:      grunt_decor_resistance, st_stairs_6, fedhas_altar_1
D:8:      kennysheep_little_box, overflow_temple_1_default, serial_shops,
          nicolae_shop_temple_entry_statues_fountains, uniq_gastronok,
          uniq_psyche
D:9:      kennysheep_ambush_hall, overflow_temple_1_default, elyvilon_altar_1,
          lemuel_crystal_altar, david_lair_shrubbed
D:10:     nicolae_trove_entry_columns
D:11:     zombieorc2_lemuel
D:12:     uniq_frances
D:13:     hangedman_fish_farm, hangedman_feature_mirror, minivault_27,
          minivault_16, uniq_maurice
D:14:     grunt_vaults_entry_tiered, minmay_misc_feat_roman, serial_shops,
          shop_coins, basic_altar, spider_trap, laboratory
D:15:     grunt_enter_depths_magical_seal, serial_shops,
          nicolae_shop_overgrown_old_shop, nicolae_shop_window_shopping,
          shop_coins, shop, serial_glass, glass_columns_a, glass_columns_b,
          tso_metal_star
Temple:   chequers_temple_sunken
Lair:1:   nicolae_volcano_entry_batcave, grunt_megastairs_3,
          infiniplex_staircase_pool
Lair:2:   portal_ice_cave_entry_ice_beasts
Lair:3:   minmay_swamp_entry_worms, spider_nest_entry_web_field,
          serial_bayou_shore_a, uniq_rupert, uniq_maud
Lair:4:   grunt_megastairs_1, infiniplex_staircase_pool_2, uniq_harold,
          uniq_nergalle
Lair:5:   slime_dummy, wad_woods_road_01, ice2_lemuel
Lair:6:   evilmike_catoblepas_cave, nicolae_quartered_pool_super
Swamp:1:  hangedman_swamp_cone
Orc:1:    mines4_lemuel
Orc:2:    st_orc_ogre_mass, library_closet, uniq_sonja, uniq_azrael
Elf:1:    serial_shops, nicolae_shop_stone, minmay_elf_necromancy,
          minmay_misc_feat_pillars, kb_rosetta
Elf:2:    roderic_three_in_a_row
Elf:3:    minmay_elf_hall_hex
IceCv:    ice_cave_tombish
Volcano:  volcano_caves

Skill      XL: |  1  2  3  4  5  6  7  8  9 10 11 12 13 14 15 |
---------------+----------------------------------------------+-----
Summonings     | 5 6 7 9 10 11 12 13 14 16 17 18 19 | 19.0
Spellcasting   | 4 5 9 11 13 15 17 18 19 | 19.0
Translocations | 1 |  1.3
Dodging        | 3 4 6 7 |  7.0
Shields        | 2 4 5 6 7 8 |  8.4
Hexes          | 3 6 9 10 | 10.7
Necromancy     | 4 5 |  5.8
Stealth        | |  2.4

Action                   |  1- 3 |  4- 6 |  7- 9 | 10-12 | 13-15 || total
-------------------------+-------+-------+-------+-------+-------++-------
Melee: Hand axe          |    57 |    55 |    64 |       |       ||   176
       Dagger            |     5 |       |       |       |       ||     5
       Demon trident     |       |       |    34 |   191 |   118 ||   343
 Cast: Summon Small Mamm |    10 |       |       |       |       ||    10
       Call Imp          |    26 |    32 |     2 |       |     6 ||    66
       Summon Lightning  |       |    10 |    46 |    90 |   173 ||   319
       Summon Ice Beast  |       |     3 |    55 |   161 |   155 ||   374
       Summon Forest     |       |       |     5 |    15 |    23 ||    43
       Summon Demon      |       |       |       |    24 |    72 ||    96
       Summon Hydra      |       |       |       |       |    82 ||    82
Invok: Channel Energy    |       |       |       |    12 |    36 ||    48
  Use: Scroll            |     2 |     6 |    14 |    13 |    22 ||    57
       Potion            |       |    11 |    10 |     7 |    14 ||    42
 Stab: Distracted        |     2 |       |       |     3 |     2 ||     7
       Sleeping          |       |     2 |     3 |     2 |       ||     7
  Eat: Chunk             |     2 |     8 |    35 |    21 |    52 ||   118
       Bread ration      |       |     1 |     1 |       |     3 ||     5
       Pizza             |       |     1 |       |     1 |     5 ||     7
       Royal jelly       |       |       |       |       |     1 ||     1
       Beef jerky        |       |       |       |       |     1 ||     1
Armor: Robe              |    11 |    11 |    29 |     9 |       ||    60
       Leather armour    |    15 |       |       |     1 |       ||    16
       Quicksilver drago |       |       |       |    74 |   142 ||   216
Dodge: Dodged            |    66 |    47 |    58 |    97 |   108 ||   376
Block: Buckler           |       |       |     3 |    47 |    85 ||   135
       Reflection        |       |       |       |       |    11 ||    11
